Match 44750941
Unlisted

Match 44750941
End
Selects Italian Combined Arms Battlegroup
Selects Bersaglieri Squad
Bersaglieri Squad
Kradschützen Motorcycle Team
Bersaglieri Squad
Bersaglieri Squad
Selects Bersaglieri Bolster
Bersaglieri Squad
Construct Light Support Kompanie
Fire Support Elements
Selects Breda Model 30 Light Machine Guns
Flakvierling Half-track
Panzerjäger Mechanized Group
Pak 38 Anti-tank Gun Team
Construct Panzerarmee Kommand
Selects Semovente da 75/18 Assault Gun
Selects Strafing Run
Flakvierling Half-track
2.5-tonne Medical Truck
Armored Reserves
Bersaglieri Squad
Team saupiquet
Sid
0
0

Comments sign in to comment!

No comments posted yet!